 Dungeon Crawl Stone Soup version 0.27-a0-103-g6cd7b45605 (webtiles) character file.

Game seed: 13574320524214708773

67 knot the Chopper (level 4, 32/35 HPs)
             Began as a Demonspawn Berserker on Jan 23, 2021.
             Was a Believer of Trog.
             Quit the game on level 2 of the Dungeon.
             The game lasted 00:01:07 (1750 turns).

knot the Chopper (Demonspawn Berserker)             Turns: 1750, Time: 00:01:08

Health: 32/35      AC:  4    Str: 17    XL:     4   Next: 0%
Magic:  4/4        EV: 12    Int: 10    God:    Trog [**....]
Gold:   34         SH:  0    Dex: 12    Spells: 3/3 levels left

rFire    . . .     SeeInvis .   i - +1 hand axe (venom)
rCold    . . .     Faith    .   (no shield)
rNeg     . . .     Spirit   .   b - +0 animal skin
rPois    .         Reflect  .   (helmet restricted)
rElec    .         Harm     .   (no cloak)
rCorr    .         Rampage  .   (no gloves)
Will     .....                  (no boots)
Stlth    ..........             (no amulet)
HPRegen  0.11/turn              d - ring of attention (curse)
MPRegen  0.09/turn              (no ring)

@: no status effects
A: antennae 2, yellow scales 1
a: Renounce Religion, Berserk, Trog's Hand


You were on level 2 of the Dungeon.
You worshipped Trog.
Trog was pleased with you.
You visited 1 branch of the dungeon, and saw 2 of its levels.

You collected 34 gold pieces.

Inventory:

Hand Weapons
 i - a +1 hand axe of venom (weapon)
Missiles
 g - 23 stones
Armour
 b - a +0 animal skin (worn)
Jewellery
 d - a cursed ring of attention (left hand)
Scrolls
 a - a scroll of fog {unknown}
 e - a scroll of blinking {unknown}
Potions
 c - a potion of curing {unknown}
 f - a potion of heal wounds {unknown}
 h - a potion of haste {unknown}
 j - a potion of lignification {unknown}
 k - a potion of flight {unknown}


   Skills:
 - Level 3.0 Fighting
 + Level 4.4 Axes
 - Level 1.7 Armour
 - Level 1.7 Dodging


You had 3 spell levels left.
You didn't know any spells.
Your spell library was empty.

Dungeon Overview and Level Annotations

Branches:
Dungeon (2/15)

Altars:
The Shining One


Innate Abilities, Weirdness & Mutations

You have a pair of antennae on your head.
You are partially covered in yellow scales. (AC +2)


Message History

Found a stone staircase leading down.
You barely miss the bat. You closely miss the kobold. You closely miss the rat.
The bat misses you. The bat hits you but does no damage. The kobold misses you.
The rat barely misses you. The bat hits you.
You barely miss the bat. You barely miss the kobold. You hit the rat.
The rat is poisoned.
You kill the rat!
Trog accepts your kill. The bat closely misses you.
The kobold barely misses you.
You closely miss the kobold. The bat closely misses you.
The kobold completely misses you.
You hit the kobold.
The kobold is poisoned.
The kobold is moderately wounded.
You kill the kobold!
Trog accepts your kill. The bat barely misses you. x2
You have reached level 4!
You feel clever.
Your demonic ancestry asserts itself...
Yellow scales grow over part of your body.
Are you sure you want to abandon this character and quit the game? (Confirm with "yes".)

.........#
.........#
.........#
.........#
.........#
>........#
......b.†+
.......@.#
########.#
#.#
##########.#
#........#(#
+........#.#
#.....†.<#.#
#
#.....(..#.#
#..
#.########.#


You could see a bat.

Vanquished Creatures
  An adder (D:2)
  2 oozes
  4 dart slugs (D:1)
  2 leopard geckos (D:1)
  4 giant cockroaches (D:1)
  4 goblins (D:1)
  4 hobgoblins (D:1)
  3 jackals (D:1)
  7 bats
  2 frilled lizards (D:1)
  2 kobolds
  3 rats
38 creatures vanquished.

Vanquished Creatures (others)
  A bat (D:1)
1 creature vanquished.

Grand Total: 39 creatures vanquished

Notes
Turn   | Place    | Note
-------+----------+-------------------------------------------
     0 | D:1      | knot the Demonspawn Berserker began the quest for the Orb.
     0 | D:1      | Reached XP level 1. HP: 18/18 MP: 1/1
   323 | D:1      | Reached skill level 3 in Axes
   504 | D:1      | Gained mutation: You have a pair of small antennae on your
                  | head. [demonic ancestry]
   504 | D:1      | Reached XP level 2. HP: 24/24 MP: 2/2
  1043 | D:1      | Reached ** piety under Trog
  1044 | D:1      | Gained mutation: You have a pair of antennae on your head.
                  | [demonic ancestry]
  1044 | D:1      | Reached XP level 3. HP: 29/29 MP: 3/3
  1200 | D:1      | Reached skill level 4 in Axes
  1576 | D:1      | Found a glowing golden altar of the Shining One.
  1750 | D:2      | Gained mutation: You are partially covered in yellow
                  | scales. (AC +2) [demonic ancestry]
  1750 | D:2      | Reached XP level 4. HP: 32/35 MP: 4/4
  1750 | D:2      | Quit the game

Illustrated notes

Levels and vault maps discovered:
D:1:      lightli_arrival_lavapool, layout_loops_ring, tso_altar
D:2:      layout_basic

Skill      XL: |  1  2  3 |
---------------+----------+-----
Axes           | 3 4 |  4.4
Fighting       | |  3.0
Armour         | |  1.7
Dodging        | |  1.7

Action                   |  1- 3 |  4- 6 || total
-------------------------+-------+-------++-------
Melee: Hand axe          |   113 |       ||   113
Invok: Berserk           |     2 |       ||     2
 Stab: Sleeping          |     1 |       ||     1
Armor: Animal skin       |    30 |       ||    30
Dodge: Dodged            |    94 |       ||    94

Table legend: (Time is in decaauts)
 A = Elapsed time spent in this place.
 B = Non-inter-level travel time spent in this place.
 C = Inter-level travel time spent in this place.
 D = Time resting spent in this place.
 E = Time spent auto-exploring this place.
 F = Levels seen in this place.
 G = Mean time per level.
                   A        B        C        D        E       F      G
               +--------+--------+--------+--------+--------+-----+--------+
         Total |   1778 |   1770 |      8 |    622 |    891 |   2 |  889.0 |
       Dungeon |   1778 |   1770 |      8 |    622 |    891 |   2 |  889.0 |
               +--------+--------+--------+--------+--------+-----+--------+

Top non-repeatable levels by time:
     D:1: 1741 daAuts
     D:2: 36 daAuts
